 Dungeon Crawl Stone Soup version 0.28-a0-845-gfc338a8e3c (webtiles) character file.

Game seed: 3604191162034588889

148206 freelancePsychic the Warrior (level 17, -10/170 HPs)
             Began as a Hill Orc Abyssal Knight on Nov 12, 2021.
             Was the Champion of Lugonu.
             Killed from afar by a frost giant (14 damage)
             ... with a bolt of cold
             ... on level 3 of the Depths.
             The game lasted 01:00:39 (30529 turns).

freelancePsychic the Warrior (HOAK)                Turns: 30529, Time: 01:00:39

Health: -10/170    AC: 23    Str: 20      XL:     17   Next: 48%
Magic:  27/28      EV:  9    Int: 14      God:    Lugonu [******]
Gold:   227        SH: 18    Dex: 12 (15) Spells: 16/16 levels left

rFire   + + +      SeeInvis .   a - +8 broad axe (distort)
rCold   . . .      Faith    .   o - +0 kite shield
rNeg    + . .      Spirit   .   y - +3 plate armour
rPois   +          Reflect  +   X - +1 helmet of Experimentation {rF+ Stlth+}
rElec   .          Harm     .   D - +2 cloak of Assagrog {Regen+ Int+4}
rCorr   +          Rampage  .   (no gloves)
Will    +....                   c - +0 pair of boots "Axzeud" {Regen+ Str-3 Dex+3}
Stlth   ..........              b - amulet of reflection
HPRegen 2.38/turn               g - ring "Biwumnu" {rF+ rN+ rCorr Dex-3 Slay+4}
MPRegen 0.21/turn               P - ring "Votont" {rPois rF+ Str+4}

@: about to teleport, corroded, hasted, very quick
A: no striking features
a: Renounce Religion, Depart the Abyss, Bend Space, Banish, Corrupt, Enter the
Abyss


You were on level 3 of the Depths.
You worshipped Lugonu.
Lugonu was exalted by your worship.
You visited 4 branches of the dungeon, and saw 26 of its levels.
You visited the Abyss 1 time.
You also visited: Sewer, Ossuary and Gauntlet.

You collected 2811 gold pieces.
You spent 2584 gold pieces at shops.

Inventory:

Hand Weapons
 a - a +8 broad axe of distortion (weapon)
Missiles
 h - 319 stones
 A - 6 javelins
 B - 9 boomerangs
 T - 4 throwing nets
Armour
 c - the +0 pair of boots "Axzeud" (worn) {Regen+ Str-3 Dex+3}
   (You found it in a Gauntlet)

   Str:       It affects your strength (-3).
   Dex:       It affects your dexterity (+3).
   Regen:     It increases your rate of health regeneration.
 e - a +0 tower shield
 o - a +0 kite shield (worn)
 y - a +3 plate armour (worn)
 D - the +2 cloak of Assagrog (worn) {Regen+ Int+4}
   (You found it on level 1 of the Orcish Mines)

   Int:       It affects your intelligence (+4).
   Regen:     It increases your rate of health regeneration.
 X - the +1 helmet of Experimentation (worn) {rF+ Stlth+}
   (You acquired it on level 5 of the Lair of Beasts)

   rF:        It protects you from fire.
   Stlth:     It makes you more stealthy.
Jewellery
 b - an amulet of reflection (around neck)
 g - the ring "Biwumnu" (left hand) {rF+ rN+ rCorr Dex-3 Slay+4}
   (You bought it in a shop on level 2 of the Orcish Mines)

   [ring of slaying]

   Dex:       It affects your dexterity (-3).
   Slay:      It affects your accuracy & damage with ranged weapons and melee
   (+4).
   rF:        It protects you from fire.
   rN:        It protects you from negative energy.
   rCorr:     It protects you from acid and corrosion.
 P - the ring "Votont" (right hand) {rPois rF+ Str+4}
   (You acquired it on level 9 of the Dungeon)

   [ring of protection from fire]

   Str:       It affects your strength (+4).
   rF:        It protects you from fire.
   rPois:     It protects you from poison.
 Z - a ring of willpower
Wands
 x - a wand of polymorph (10)
 C - a wand of flame (10)
 E - a wand of digging (4)
 N - a wand of paralysis (9)
 V - a wand of acid (5)
 Y - a wand of charming (6)
Scrolls
 f - 4 scrolls of fog
 i - 7 scrolls of enchant armour
 k - 4 scrolls of vulnerability
 s - 12 scrolls of teleportation {@r4}
 t - 6 scrolls of blinking
 u - 3 scrolls of brand weapon
 w - a scroll of fear
 F - 6 scrolls of magic mapping
 G - a scroll of summoning
 H - 6 scrolls of amnesia
 I - 5 scrolls of silence
 K - 2 scrolls of immolation
 M - a scroll of holy word
 Q - a scroll of identify {@r1}
 W - 5 scrolls of enchant weapon
Potions
 d - 4 potions of invisibility
 j - 6 potions of flight {unknown}
 l - 8 potions of lignification
 m - a potion of ambrosia
 p - 3 potions of cancellation
 q - 3 potions of might
 r - 5 potions of curing {@q1}
 v - 8 potions of brilliance {unknown}
 J - 8 potions of mutation
 L - 2 potions of resistance {unknown}
 O - 2 potions of haste {@q3}
 R - 4 potions of berserk rage {unknown}
 S - 5 potions of attraction
 U - 2 potions of magic
Miscellaneous
 z - a lightning rod (4/4)


   Skills:
 - Level 20.0 Fighting
 - Level 18.0 Axes
 - Level 0.5 Slings
 + Level 13.7 Armour
 - Level 6.0 Dodging
 - Level 15.0 Shields
 + Level 15.0 Invocations


You had 16 spell levels left.
You didn't know any spells.
Your spell library contained the following spells:

 Spells                   Type           Power      Damage    Failure   Level
 Magic Dart               Conj           0%         1d3       98%         1
 Sandblast                Erth           0%         2d4       98%         1
 Shock                    Conj/Air       0%         1d3       98%         1
 Slow                     Hex            0%         N/A       98%         1
 Blink                    Tloc           0%         N/A       99%         2
 Corpse Rot               Necr/Air       0%         N/A       99%         2
 Ensorcelled Hibernation  Hex/Ice        0%         N/A       99%         2
 Passwall                 Tmut/Erth      0%         N/A       99%         2
 Confusing Touch          Hex            0%         N/A       100%        3
 Gell's Gravitas          Tloc           0%         N/A       100%        3
 Lesser Beckoning         Tloc           0%         N/A       100%        3
 Ozocubu's Armour         Ice            0%         N/A       100%        3
 Spider Form              Tmut/Pois      0%         N/A       100%        3
 Stone Arrow              Conj/Erth      0%         3d7       100%        3
 Swiftness                Air            0%         N/A       100%        3
 Teleport Other           Tloc           0%         N/A       100%        3
 Airstrike                Air            0%         N/A       100%        4
 Dispel Undead            Necr           0%         3d6       100%        4
 Leda's Liquefaction      Hex/Erth       0%         N/A       100%        4
 Fireball                 Conj/Fire      0%         3d3       100%        5
 Iskenderun's Battlesphe  Conj           0%         2d6       100%        5
 Lee's Rapid Deconstruct  Erth           0%         3d5*      100%        5
 Manifold Assault         Tloc           0%         N/A       100%        5
 Summon Forest            Summ/Tloc      0%         N/A       100%        5
 Yara's Violent Unravell  Hex/Tmut       0%         3d3       100%        5
 Conjure Ball Lightning   Conj/Air       0%         3x3d6     100%        6
 Death Channel            Necr           0%         N/A       100%        6
 Dispersal                Tloc           0%         N/A       100%        6
 Eringya's Noxious Bog    Tmut/Pois      0%         N/A       100%        6
 Statue Form              Tmut/Erth      0%         N/A       100%        6
 Orb of Destruction       Conj           0%         N/A       100%        7
 Ozocubu's Refrigeration  Ice            0%         4d5       100%        7
 Storm Form               Tmut/Air       0%         N/A       100%        7
 Summon Hydra             Summ           0%         N/A       100%        7


Dungeon Overview and Level Annotations

Branches:
Dungeon (15/15)            Temple (0/1) D:4            Lair (6/6) D:8
  Swamp (0/4) Lair:3       Spider (0/4) Lair:2        Slime (0/5) Lair:5
    Orc (2/2) D:10            Elf (0/3) Orc:2        Vaults (0/5) D:14
 Depths (3/4) D:15          Sewer (visited)         Ossuary (visited)
Gauntlet (visited)

Altars:
Ashenzari
Elyvilon
Gozag
Kikubaaqudgha
Trog
Uskayaw
Xom
Zin
The Shining One
Beogh
Jiyva

Shops:
D:3 =   D:15 !   Orc:2 =*(=*=   Depths:1 !!(   Depths:3 :

Portals:
Hell: Depths:1 Depths:2
Abyss: Depths:2
Pandemonium: Depths:1 Depths:2

Annotations:
D:2 1 runed translucent door, Crazy Yiuf
D:6 1 runed translucent door, Pooter's ghost, novice MiBe
D:15 Roxanne
Lair:6 corrupted
Orc:2 corrupted
Depths:1 corrupted
Depths:2 2 runed translucent doors, corrupted, 2 transporters, Kunuk's ghost, veteran MiFi
Depths:3 corrupted, Mennas
Abyss:1 Bai Suzhen; Dowan; Duvessa; Urug


Message History

You feel strangely unstable.
A sphinx comes into view.
The spriggan air mage waves its arms in wide circles.
The air twists around and strikes you.
* * * LOW HITPOINT WARNING * * *
You feel better. The lich barely misses you.
The sphinx mumbles some strange words.
Something smites you!
* * * LOW HITPOINT WARNING * * *
You feel better.
You feel better.
The lich touches you but does no damage.
The fire giant casts a spell at you. The bolt of fire hits you. You resist.
* * * LOW HITPOINT WARNING * * *
The bolt of fire hits you! You resist.
* * * LOW HITPOINT WARNING * * *
You feel better.
The spriggan air mage waves its arms in wide circles.
The air twists around and strikes you!!
* * * LOW HITPOINT WARNING * * *
The lich touches you but does no damage.
The fire giant points at you and mumbles some strange words.
The bolt of fire hits you. You resist.
* * * LOW HITPOINT WARNING * * *
The bolt of fire hits you! You resist.
* * * LOW HITPOINT WARNING * * *
A tengu reaver comes into view. It is wielding a +0 great sword.
You feel better.
Unknown command.
You feel better.
The lich gestures at you while chanting.
The bolt of cold hits you!!
* * * LOW HITPOINT WARNING * * *
The sphinx casts a spell.
Something smites you!
* * * LOW HITPOINT WARNING * * *
The frost giant casts a spell at you. The bolt of cold hits you!
You die...

#.# #.. . #
# # .##.#.
#. #T.#.!
#..##..#.#
# ....T#.#
#.#
#..i#.#iHQ#
#..L#C.#
#@#..CC.#
##.#####.#
#.. ###


You could see a frost giant, a sphinx, 2 iron trolls, a tengu reaver, a lich, a
spriggan defender and a spriggan air mage (repels missiles).

Vanquished Creatures
  2 bone dragons (Depths:2)
  2 tengu reavers (Depths:1)
  A frost giant (Depths:2)
  An orc warlord (Depths:2)
  2 ghost moths (Depths:2)
  A balrug (Gauntlet)
  An emperor scorpion (Depths:2)
  4 very ugly things
  An ironbound preserver (D:14)
  2 stone giants (Depths:2)
  A lorocyproca (Depths:1)
  A minotaur (Gauntlet)
  The ghost of AlleluiaPinecone the Cruncher, a journeyman HOFi of Ashenzari (Orc:1)
  A blizzard demon (Depths:2)
  5 fire dragons
  5 ettins
  A merfolk impaler (Depths:3)
  Josephine (D:12)
  6 great orbs of eyes
  A rakshasa (Depths:1)
  2 boulder beetles
  A yaktaur captain (Depths:2)
  2 naga warriors (Depths:2)
  5 hydras
  4 ogre magi (Orc:2)
  5 centaur warriors
  2 ice dragons
  15 two-headed ogres
  An anaconda (Depths:2)
  7 death yaks
  2 tengu warriors
  A deep troll earth mage (Depths:1)
  An orc high priest (Depths:2)
  A spriggan berserker (Depths:1)
  2 soul eaters (Depths:1)
  A sixfirhy (Depths:1)
  2 skeletal warriors
  A flayed ghost (D:15)
  An iron troll (Depths:1)
  2 deep trolls (Depths:1)
  A wizard (D:12)
  A swamp dragon (Lair:6)
  A golden dragon skeleton (D:15)
  4 deep elf pyromancers
  A necromancer (D:15)
  A moth of wrath (shapeshifter) (D:15)
  2 orc knights (Depths:2)
  A sphinx skeleton (D:15)
  5 manticores
  14 ugly things
  An orc sorcerer (Orc:2)
  2 moths of wrath (Orc:1)
  3 cyclopes
  7 black mambas
  A rust devil (Depths:1)
  A molten gargoyle (Lair:4)
  A gargoyle (D:12)
  16 cane toads
  Maggie (Lair:2)
  A komodo dragon (shapeshifter) (D:14)
  2 unseen horrors
  3 kobold demonologists
  6 rime drakes
  13 komodo dragons
  2 tengu conjurers (Depths:1)
  4 ice devils
  A red devil (Depths:1)
  A hellwing (Depths:1)
  3 trolls
  4 meliai
  A hornet (shapeshifter) (D:10)
  5 polar bears
  A blink frog (shapeshifter) (D:15)
  A raiju (shapeshifter) (D:15)
  7 slime creatures
  4 dream sheep (Lair:5)
  12 blink frogs
  2 spriggan zombies (D:15)
  A tarantella (Depths:2)
  A vampire (Depths:2)
  6 wraiths
  A fire elemental (Lair:4)
  2 wyverns
  56 yaks
  2 yaks (shapeshifter)
  A neqoxec (Depths:1)
  2 vampire mosquitoes (D:12)
  5 basilisks
  2 steam dragons
  A chaos spawn (Depths:1)
  6 wargs (Orc:1)
  Menkaure (D:7)
  A death yak simulacrum (Lair:1)
  8 acid dragons
  30 water moccasins
  11 orc warriors
  2 swamp drakes (Lair:6)
  2 ice beasts
  A black bear (D:5)
  A sky beast (D:5)
  A hornet zombie (D:6)
  A necrophage (D:6)
  19 ogres
  7 wolves (Lair:1)
  12 centaurs
  2 phantoms
  3 kobold brigands
  15 bullfrogs
  3 scorpions
  A wyvern zombie (D:7)
  A gnoll sergeant (D:12)
  A water moccasin zombie (D:5)
  A wyvern skeleton (D:7)
  22 killer bees
  9 wights
  2 electric eels
  2 howler monkeys
  2 centaur skeletons (D:7)
  4 centaur zombies
  A hound (D:4)
  A jelly (D:4)
  12 orc priests
  2 gnoll shamans (D:8)
  2 bullfrog skeletons (D:6)
  17 orc wizards
  A scorpion zombie (D:5)
  10 iguanas
  2 spriggan simulacra (Lair:1)
  2 killer bee zombies
  A troll simulacrum (Lair:1)
  A mummy (Ossuary)
  A howler monkey zombie (D:8)
  Robin (D:3)
  12 gnolls
  24 adders
  A naga simulacrum (Lair:1)
  A white imp (Lair:1)
  An ufetubus (D:3)
  2 adder skeletons
  2 worms (D:2)
  31 orcs
  9 ball pythons
  2 bat skeletons (Depths:1)
  2 bat zombies (Depths:1)
  4 endoplasms
  7 giant cockroaches
  19 goblins
  5 hobgoblins
  22 kobolds
  4 quokkas
  2 bats (D:2)
  10 frilled lizards
  11 gnoll skeletons (Ossuary)
  3 kobold skeletons (Ossuary)
  11 orc skeletons (Ossuary)
  A quokka skeleton (D:4)
  11 rats
  A bush (Lair:6)
  A fungus (Lair:1)
739 creatures vanquished.

Vanquished Creatures (others)
  A bone dragon (Depths:2)
  A lich (Depths:2)
  An acid blob (Depths:2)
  A sphinx (Depths:3)
  A fire giant (Depths:2)
  An azure jelly (Depths:2)
  3 frost giants
  An orc warlord (Orc:2)
  A stone giant (Depths:1)
  3 white draconians (Depths:2)
  An ettin (Depths:1)
  A rakshasa (Depths:3)
  3 great orbs of eyes
  A naga warrior (Depths:2)
  2 ice dragons
  3 deep troll shamans (Depths:1)
  2 death yaks (Lair:6)
  A tengu warrior (Depths:1)
  2 deep troll earth magi (Depths:2)
  Sonja (Lair:6)
  A spriggan berserker (Depths:1)
  A spriggan (Depths:1)
  An iron troll (Depths:2)
  2 deep trolls
  2 orc sorcerers (Orc:2)
  A cane toad (Lair:6)
  A guardian serpent (Depths:2)
  A torpor snail (Lair:6)
  A naga mage (Depths:2)
  A rime drake (Lair:6)
  A komodo dragon (Lair:6)
  A hornet (Depths:1)
  5 blink frogs (Lair:6)
  A slime creature (Depths:2)
  5 yaks (Lair:6)
  A basilisk (Lair:6)
  A spatial vortex (Depths:2)
  3 water moccasins (Lair:6)
  8 orc warriors (Orc:2)
  An ogre (Orc:2)
  A gnoll sergeant (Orc:2)
  5 orc priests (Orc:2)
  2 orc wizards (Orc:2)
  A gnoll (Orc:2)
  8 orcs (Orc:2)
  27 fungi
  51 plants
  20 starspawn tentacles
  2 withered plants (D:15)
187 creatures vanquished.

Grand Total: 926 creatures vanquished

Notes
Turn   | Place    | Note
-------+----------+-------------------------------------------
     0 | Abyss:1  | freelancePsychic the Hill Orc Abyssal Knight began the
                  | quest for the Orb.
     0 | Abyss:1  | Reached XP level 1. HP: 19/19 MP: 2/2
    10 | D:1      | Escaped the Abyss
    57 | D:1      | Found a faded altar of an unknown god.
    63 | D:1      | Got Plato's Tome of Conjuration
   573 | D:1      | Reached XP level 2. HP: 27/27 MP: 4/4
  1054 | D:2      | Identified a scroll of acquirement
  1056 | D:2      | Acquired a +3 broad axe of freezing
  1060 | D:2      | Reached skill level 4 in Fighting
  1224 | D:2      | Reached XP level 3. HP: 33/33 MP: 5/5
  1437 | D:2      | Found a runed translucent door.
  1438 | D:2      | Noticed Crazy Yiuf
  1461 | D:2      | Reached ** piety under Lugonu
  1631 | D:3      | Reached XP level 4. HP: 41/41 MP: 6/6
  1811 | D:3      | Reached skill level 5 in Axes
  1851 | D:3      | Found Eseymi's Jewellery Emporium.
  2031 | D:3      | Noticed Robin
  2063 | D:3      | Reached XP level 5. HP: 44/47 MP: 7/7
  2065 | D:3      | Killed Robin
  2186 | D:3      | Found a broken altar of Ashenzari.
  2202 | D:3      | Found a glowing silver altar of Zin.
  2322 | D:4      | Reached skill level 5 in Fighting
  2485 | D:4      | Found a staircase to the Ecumenical Temple.
  2566 | D:4      | Noticed an ogre
  2575 | D:4      | Killed an ogre
  2576 | D:4      | Reached XP level 6. HP: 56/56 MP: 8/8
  2783 | D:4      | Reached XP level 7. HP: 55/62 MP: 10/10
  2913 | D:4      | Reached skill level 6 in Fighting
  3166 | D:4      | Reached *** piety under Lugonu
  3204 | D:4      | Reached skill level 5 in Invocations
  3529 | D:5      | Entered Level 5 of the Dungeon
  3806 | D:5      | Reached XP level 8. HP: 55/71 MP: 10/12
  3982 | D:5      | Noticed a yak
  4022 | D:4      | Killed a yak
  4187 | D:5      | Noticed a yak
  4200 | D:5      | Noticed a yak
  4202 | D:5      | Noticed a yak
  4209 | D:4      | Killed a yak
  4210 | D:4      | Reached skill level 7 in Fighting
  4382 | D:4      | Killed a yak
  4383 | D:4      | Reached skill level 10 in Axes
  4504 | D:5      | Noticed a yak
  4513 | D:4      | Killed a yak
  4667 | D:4      | Killed a yak
  4830 | D:5      | Reached XP level 9. HP: 63/81 MP: 14/14
  5154 | D:5      | Found a glowing golden altar of the Shining One.
  5167 | D:5      | Reached skill level 8 in Fighting
  5332 | D:6      | Found a glowing drain.
  5341 | D:6      | Noticed Duvessa
  5341 | D:6      | Noticed Dowan
  5351 | Sewer    | Entered a sewer
  5364 | Sewer    | Reached **** piety under Lugonu
  5571 | D:6      | Banished Duvessa
  5578 | D:6      | Banished Dowan
  5785 | D:6      | Found a hide-covered altar of Uskayaw.
  5785 | D:6      | Noticed a +0 short sword
  5785 | D:6      | Noticed a +0 spear
  5786 | D:6      | Noticed a +0 dagger
  5787 | D:6      | Noticed a +0 spear
  5787 | D:6      | Noticed a +0 short sword
  5788 | D:6      | Noticed a +0 falchion
  5788 | D:6      | Noticed a +0 falchion
  5789 | D:6      | Noticed a +0 dagger
  5994 | D:6      | Found a runed translucent door.
  5994 | D:6      | Noticed Pooter's ghost (novice MiBe)
  6150 | D:6      | Found an ancient bone altar of Kikubaaqudgha.
  6626 | D:6      | Reached skill level 1 in Shields
  6897 | D:7      | Noticed Menkaure
  6903 | D:7      | Killed Menkaure
  6961 | D:7      | Reached skill level 9 in Fighting
  7164 | D:7      | Found a sand-covered staircase.
  7169 | Ossuary  | Entered an ossuary
  7238 | Ossuary  | Reached XP level 10. HP: 75/91 MP: 16/16
  7528 | D:7      | Noticed a kobold demonologist
  7532 | D:7      | Killed a kobold demonologist
  7532 | D:7      | Reached ***** piety under Lugonu
  8042 | D:7      | Found a snail-covered altar of Cheibriados.
  8044 | D:7      | Found a hazy altar of Hepliaklqana.
  8044 | D:7      | Found an ancient bone altar of Kikubaaqudgha.
  8046 | D:7      | Found a shimmering altar of Xom.
  8046 | D:7      | Found a sacrificial altar of Ru.
  8046 | D:7      | Found a shimmering altar of Xom.
  8660 | D:8      | Reached skill level 10 in Fighting
  9164 | D:8      | Found a staircase to the Lair.
 10064 | D:8      | Found a white marble altar of Elyvilon.
 10281 | D:9      | Reached skill level 5 in Shields
 10348 | D:9      | Found an opulent altar of Gozag.
 10479 | D:9      | Noticed a two-headed ogre
 10488 | D:8      | Reached skill level 15 in Axes
 10547 | D:9      | Reached XP level 11. HP: 101/101 MP: 17/17
 10613 | D:9      | Acquired the ring "Votont" {rPois rF+ Str+4}
 10903 | D:9      | Reached skill level 11 in Fighting
 11076 | D:9      | Killed a two-headed ogre
 11466 | D:10     | Entered Level 10 of the Dungeon
 11591 | D:10     | Noticed a centaur warrior
 11598 | D:10     | Killed a centaur warrior
 12012 | Lair:1   | Entered Level 1 of the Lair of Beasts
 12070 | Lair:1   | Identified the +0 pair of boots of Beyond {-Cast Fly rCorr
                  | Stlth+}
 12289 | Lair:1   | Reached skill level 12 in Fighting
 12413 | Lair:1   | Reached XP level 12. HP: 99/112 MP: 18/18
 12466 | Lair:1   | Noticed an eight-headed hydra
 12468 | Lair:1   | Banished an eight-headed hydra
 12701 | Lair:1   | Noticed an ice dragon
 12701 | Lair:1   | Noticed a death yak
 12704 | Lair:1   | Banished an ice dragon
 12720 | D:8      | Killed a death yak
 12807 | Lair:1   | Reached skill level 13 in Fighting
 13272 | Lair:1   | Noticed a death yak
 13283 | Lair:1   | Killed a death yak
 13474 | Lair:1   | You fall into a shaft and drop 1 floor!
 13587 | Lair:2   | Noticed a seven-headed hydra
 13589 | Lair:2   | Banished a seven-headed hydra
 13909 | Lair:2   | Reached skill level 10 in Invocations
 13997 | Lair:2   | Noticed Maggie
 14002 | Lair:2   | Killed Maggie
 14019 | Lair:2   | Noticed Urug
 14032 | Lair:2   | Banished Urug
 14201 | Lair:2   | Found a hole to the Spider Nest.
 14592 | Lair:2   | Reached skill level 14 in Fighting
 15084 | Lair:3   | Reached XP level 13. HP: 109/124 MP: 21/21
 16279 | Lair:3   | Found a staircase to the Swamp.
 16558 | Lair:4   | Reached skill level 5 in Armour
 16616 | Lair:4   | Reached skill level 10 in Shields
 17559 | Lair:5   | Acquired the +1 helmet of Experimentation {rF+ Stlth+}
 18015 | Lair:5   | Reached ****** piety under Lugonu
 18663 | Lair:5   | Reached XP level 14. HP: 125/132 MP: 22/22
 18896 | Lair:5   | Found a viscous altar of Jiyva.
 18896 | Lair:5   | Found a staircase to the Slime Pits.
 18897 | Lair:5   | Identified a +8 broad axe of distortion (a +6 spectral
                  | broad axe corrupted by Lugonu)
 18897 | Lair:5   | Received a gift from Lugonu
 19785 | Lair:6   | Entered Level 6 of the Lair of Beasts
 19829 | Lair:6   | Corrupted Lair:6
 19829 | Lair:6   | Noticed a tentacled starspawn
 19838 | Lair:6   | Noticed a tentacled starspawn
 19839 | Lair:6   | Noticed a tentacled starspawn
 19860 | Lair:6   | Killed Sonja
 21429 | D:10     | Found a staircase to the Orcish Mines.
 21759 | Orc:1    | Entered Level 1 of the Orcish Mines
 21878 | Orc:1    | Noticed AlleluiaPinecone's ghost (journeyman HOFi)
 21879 | Orc:1    | Found a transporter.
 21891 | Orc:1    | Found a transporter.
 21918 | Orc:1    | Killed AlleluiaPinecone's ghost
 21958 | Orc:1    | Identified the +2 cloak of Assagrog {Regen+ Int+4}
 22248 | Orc:2    | Entered Level 2 of the Orcish Mines
 22251 | Orc:2    | Noticed an orc warlord
 22255 | Orc:2    | Corrupted Orc:2
 22255 | Orc:2    | Found Ukixythi's General Store.
 22257 | Orc:2    | Noticed a black draconian knight
 22271 | Orc:2    | Killed an orc warlord
 22341 | Orc:2    | Found a roughly hewn altar of Beogh.
 22366 | Orc:2    | Found a staircase to the Elven Halls.
 22414 | Orc:2    | Reached skill level 15 in Fighting
 22549 | Orc:2    | Bought a scroll of teleportation for 36 gold pieces
 22549 | Orc:2    | Bought a scroll of magic mapping for 42 gold pieces
 22549 | Orc:2    | Bought a scroll of teleportation for 36 gold pieces
 22549 | Orc:2    | Bought a scroll of enchant armour for 90 gold pieces
 22549 | Orc:2    | Bought a scroll of enchant armour for 90 gold pieces
 22573 | Orc:2    | Paralysed by something for 3 turns
 22631 | Orc:2    | Found Plog's Weapon Shoppe.
 22634 | Orc:2    | Found Ruex Qall's Jewellery Boutique.
 22634 | Orc:2    | Found Maono's Jewellery Emporium.
 22634 | Orc:2    | Found Erghokeh's Assorted Antiques.
 22643 | Orc:2    | Reached XP level 15. HP: 85/141 MP: 24/24
 22856 | Orc:2    | Bought a scroll of teleportation for 81 gold pieces
 22856 | Orc:2    | Bought a scroll of blinking for 202 gold pieces
 22856 | Orc:2    | Bought a metallic emerald potion for 24 gold pieces
 22856 | Orc:2    | Bought 2 metallic emerald potions for 48 gold pieces
 22909 | Orc:2    | Found Hevit's Jewellery Emporium.
 22931 | Orc:2    | Bought the ring "Biwumnu" {rF+ rN+ rCorr Dex-3 Slay+4} for
                  | 1337 gold pieces
 23216 | D:11     | Found a gate leading to a gauntlet.
 23229 | Gauntlet | Entered a Gauntlet
 23229 | Gauntlet | Noticed a balrug
 23229 | Gauntlet | Found a transporter.
 23229 | Gauntlet | Found a transporter.
 23229 | Gauntlet | Found a transporter.
 23230 | Gauntlet | Found a transporter.
 23233 | Gauntlet | Found a transporter.
 23244 | Gauntlet | Found a transporter.
 23244 | Gauntlet | Found a transporter.
 23259 | Gauntlet | Found a transporter.
 23267 | Gauntlet | Found a transporter.
 23286 | Gauntlet | Found a transporter.
 23294 | Gauntlet | Found a transporter.
 23312 | Gauntlet | Found a transporter.
 23475 | Gauntlet | Killed a balrug
 23476 | Gauntlet | Reached skill level 1 in Dodging
 23478 | Gauntlet | Identified the +0 cloak of Vexation {rElec Int+2 Dex+2}
 23511 | Gauntlet | Identified the +0 pair of boots "Axzeud" {Regen+ Str-3
                  | Dex+3}
 23545 | Gauntlet | Reached skill level 16 in Fighting
 24142 | Orc:2    | Bought an amulet of reflection for 360 gold pieces
 24350 | D:12     | Noticed Josephine
 24359 | D:12     | Killed Josephine
 24526 | D:12     | Identified the +5 war axe of the Hand {spect, Will+++
                  | Str+4}
 24965 | D:13     | Found the ring of the Octopus King
 24973 | D:13     | Identified a ring of the Octopus King {Fly AC+1 EV+1 Str+1
                  | Int+1 Dex+1}
 25553 | D:13     | You fall into a shaft and drop 2 floors!
 25553 | D:15     | Entered Level 15 of the Dungeon
 25622 | D:15     | Noticed Roxanne
 25878 | D:15     | Reached skill level 15 in Shields
 26002 | D:15     | Found a staircase to the Depths.
 26081 | D:15     | Reached skill level 17 in Fighting
 26198 | D:15     | Found Ypiaq's Distillery.
 26210 | D:15     | Bought a potion of haste for 170 gold pieces
 27047 | D:14     | Reached skill level 5 in Dodging
 27150 | D:14     | Found a gate to the Vaults.
 27155 | D:14     | Reached XP level 16. HP: 111/155 MP: 25/25
 27821 | Depths:1 | Entered Level 1 of the Depths
 27828 | Depths:1 | Noticed a tengu reaver
 27850 | Depths:1 | Killed a tengu reaver
 27851 | Depths:1 | Reached skill level 10 in Armour
 27902 | Depths:1 | Reached skill level 18 in Fighting
 27917 | Depths:1 | Found a gateway to Hell.
 28002 | Depths:1 | Paralysed by a great orb of eyes for 3 turns
 28011 | Depths:1 | Paralysed by a great orb of eyes for 5 turns
 28086 | Depths:1 | Found a one-way gate leading to the halls of Pandemonium.
 28156 | Depths:1 | Found a broken altar of Ashenzari.
 28186 | Depths:1 | Found Uptil Eramu's Distillery.
 28189 | Depths:1 | Found Dufyorre's Distillery.
 28191 | Depths:1 | Found Imylom's Weapon Boutique.
 28197 | Depths:1 | Bought a potion of might for 68 gold pieces
 28234 | Depths:1 | Noticed a tengu reaver
 28255 | Depths:1 | Killed a tengu reaver
 28344 | Depths:1 | Noticed Bai Suzhen
 28354 | Depths:1 | Banished Bai Suzhen
 28396 | Depths:1 | Corrupted Depths:1
 28396 | Depths:1 | Noticed a Hell Sentinel
 28412 | Depths:1 | Reached skill level 19 in Fighting
 28707 | Depths:1 | Identified the +0 pair of boots "Ynwuf" {Fly}
 28802 | Depths:1 | Paralysed by a great orb of eyes for 3 turns
 29065 | Depths:2 | Found a large runed translucent door.
 29065 | Depths:2 | Found a large runed translucent door.
 29181 | Depths:2 | Corrupted Depths:2
 29181 | Depths:2 | Noticed a tentacled starspawn
 29185 | Depths:2 | Noticed a tentacled monstrosity
 29187 | Depths:2 | Noticed an acid blob
 29189 | Depths:2 | Noticed an azure jelly
 29190 | Depths:2 | Killed an acid blob
 29194 | Depths:2 | Killed an azure jelly
 29207 | Depths:2 | Killed a lich
 29223 | Depths:2 | Killed a bone dragon
 29230 | Depths:2 | Noticed a bone dragon
 29244 | Depths:2 | Noticed a bone dragon
 29246 | Depths:2 | Noticed a bone dragon
 29260 | Depths:2 | Killed a bone dragon
 29268 | Depths:2 | Killed a bone dragon
 29284 | Depths:2 | Banished a bone dragon
 29296 | Depths:2 | Reached XP level 17. HP: 67/168 MP: 27/27
 29560 | Depths:2 | Identified the +1 mace of Tumult {antimagic, Fragile rC-
                  | Int+10 Dex+2}
 29583 | Depths:2 | Noticed a deep elf blademaster
 29586 | Depths:2 | Found a bloodstained altar of Trog.
 29586 | Depths:2 | Noticed a juggernaut
 29586 | Depths:2 | Noticed Kunuk's ghost (veteran MiFi)
 29588 | Depths:2 | Noticed a juggernaut
 29595 | Depths:2 | Found a transporter.
 29621 | Depths:2 | Found a transporter.
 29677 | Depths:2 | Found a one-way gate to the infinite horrors of the Abyss.
 30059 | Depths:2 | Reached skill level 20 in Fighting
 30423 | Depths:3 | Found Qarof's Self-Improvement Boutique.
 30436 | Depths:3 | Reached skill level 15 in Invocations
 30488 | Depths:3 | Noticed Mennas
 30489 | Depths:3 | Corrupted Depths:3
 30489 | Depths:3 | Noticed a lich
 30495 | Depths:3 | Noticed a bone dragon
 30496 | Depths:3 | Killed a sphinx
 30522 | Depths:3 | Noticed a lich
 30523 | Depths:3 | Noticed a sphinx
 30529 | Depths:3 | HP: 4/170 [sphinx/divine providence (9)]
 30529 | Depths:3 | Killed from afar by a frost giant

Illustrated notes

Levels and vault maps discovered:
D:1:      mrwooster_arrival_statue_2, layout_loops_cross,
          shapermc_ecumenical_altar_rom_forum, kennysheep_minor_cross, hex_tiny,
          kennysheep_decorative_pillar, grunt_decor_junction,
          minmay_rat_gold_closets
D:2:      layout_rooms, hangedman_decor_peaks_small, serial_park_tiny_2,
          grunt_decor_fettered, minivault_27, uniq_crazy_yiuf_cottage
D:3:      layout_rooms, mainiacjoe_overflow_swirl, serial_shops, shop_statue,
          uniq_robin
D:4:      layout_rooms, minmay_temple_entry_large_hall, minmay_goblin_outpost
D:5:      layout_rooms, lemuel_round_altar
D:6:      layout_layer_cave, nicolae_uskayaw_en_pointe,
          mainiacjoe_overflow_cross_hatched, portal_sewer_entry_b,
          gammafunk_ghost_grave, amcnicky_mini_pool_small, uniq_duvessa
D:7:      kennysheep_spiral_hall, layout_rooms, doesnt_xom_only_xom,
          enter_ossuary_2, ebering_dispersal_statue_hall, uniq_menkaure
D:8:      layout_basic, mainiacjoe_overflow_brackets, david_lair_shrubbed
D:9:      layout_small_grid, grunt_gozag_breadcrumbs, palyth_stone_intersect
D:10:     layout_loops_ring, orc_0_dummy, minivault_20
D:11:     layout_rooms, gauntlet_entry_generic
D:12:     layout_gridville, uniq_josephine
D:13:     layout_gridville
D:14:     layout_loops_ring, skrybe_vaults_entry_preservation, minivault_19,
          minmay_fractal_squares_gapless_5
D:15:     gammafunk_depths_entry_grave, layout_gridville, serial_shops,
          nicolae_lakefront_shop, dk_noncrumbling_4, drop_trap, uniq_roxanne
Lair:1:   dreamdust_isle_of_ice, layout_misc_corridors, st_stairs_5
Lair:2:   lemuel_reptile_caves, layout_layer_cave, spider_nest_entry_a,
          lemuel_fruit_tree, uniq_urug, uniq_maggie
Lair:3:   layout_regular_city, minmay_swamp_entry_worms, grunt_megastairs_5
Lair:4:   layout_gridlike
Lair:5:   layout_small_grid, slime_altar_1, minmay_shattered_shrine
Lair:6:   guppyfry_lair_end_dragon, layout_gridlike, serial_bayou_shore_b,
          uniq_sonja
Orc:1:    layout_diamond_mine, gammafunk_ghost_berserking_beasts
Orc:2:    st_orc_ogre_mass, layout_caves, serial_shops, shop_statue,
          nicolae_shop_statue_plus, nicolae_orc_lost_temple
Depths:1: layout_cave_shapes, grunt_pan_entry_sceptre, hell_entry,
          ashenzari_conservatory_becter, chequers_serial_rivers_micro_e,
          minivault_11, drop_trap, kennysheep_vampire_church, minmay_shop_star,
          grunt_megastairs_4, serial_bayou_shore_b, serial_bayou_shore_b,
          uniq_bai_suzhen
Depths:2: lightli_eight_chambers, layout_basic, abyss_entry,
          nrook_pool_corridor, hell_entry, pan_entry,
          gammafunk_ghost_wrathful_warriors
Depths:3: minmay_the_grid_octo_tiled_squarecenter_mashed
          [minmay_the_grid_octo_concentric, minmay_the_grid_octo_thin_diamonds,
          minmay_the_grid_octo_odd_swirl, minmay_the_grid_octo_teeth,
          minmay_the_grid_square_5x5_megaprize_hollow,
          minmay_the_grid_square_5x5_broken_cross, minmay_the_grid_square_5x5_n,
          minmay_the_grid_square_5x5_intrusive_squares,
          minmay_the_grid_square_5x5_two_walls_a], layout_honeycomb,
          enter_ziggurat_b, grunt_hell_entry_dis_old, abyss_entry_flame_altar,
          nicolae_benzene_ring, nicolae_shop_self_help, serial_bayou_shore_b,
          uniq_mennas

Skill      XL: |  1  2  3  4  5  6  7  8  9 10 11 12 13 14 15 16 17 |
---------------+----------------------------------------------------+-----
Axes           | 3 4 5 6 7 8 10 13 15 17 18 | 18.0
Fighting       | 4 5 6 7 9 10 12 14 15 17 19 20 | 20.0
Invocations    | 3 4 5 7 8 10 12 13 15 | 15.0
Shields        | 2 5 6 8 11 13 15 | 15.0
Armour         | 8 9 12 13 | 13.7
Dodging        | 5 6 |  6.0
Slings         | |  0.5

Action                   |  1- 3 |  4- 6 |  7- 9 | 10-12 | 13-15 | 16-18 || total
-------------------------+-------+-------+-------+-------+-------+-------++-------
Melee: Hand axe          |    54 |       |       |       |       |       ||    54
       Broad axe         |    28 |    80 |   200 |   358 |   738 |   469 ||  1873
 Fire: Hunting sling     |    10 |    16 |    36 |       |       |       ||    62
Invok: Bend Space        |       |       |     6 |     2 |       |     1 ||     9
       Banish            |       |       |     3 |     8 |     2 |       ||    13
       Corrupt           |       |       |       |       |     2 |     3 ||     5
       Brand Weapon With |       |       |       |       |     1 |       ||     1
Evoke: Wand              |       |       |       |       |     7 |     3 ||    10
  Use: Scroll            |     4 |     2 |     5 |     8 |    12 |     3 ||    34
       Potion            |       |       |       |     3 |     1 |    17 ||    21
 Stab: Sleeping          |     1 |       |       |       |       |       ||     1
       Confused          |       |       |     1 |       |     1 |     1 ||     3
       Distracted        |       |       |       |     6 |     4 |       ||    10
       Invisible         |       |       |       |     1 |       |       ||     1
       Paralysed         |       |       |       |       |       |     1 ||     1
Armor: Leather armour    |    19 |     2 |       |       |       |       ||    21
       Scale mail        |       |    19 |    34 |    80 |     1 |       ||   134
       Skin              |       |       |       |     1 |       |       ||     1
       Plate armour      |       |       |       |       |   246 |   196 ||   442
Dodge: Dodged            |    56 |    76 |   112 |   191 |   151 |    90 ||   676
Block: Buckler           |       |       |       |    45 |     5 |       ||    50
       Kite shield       |       |       |       |       |   352 |   341 ||   693
       Reflection        |       |       |       |       |    22 |    10 ||    32

Table legend: (Time is in decaauts)
 A = Elapsed time spent in this place.
 B = Non-inter-level travel time spent in this place.
 C = Inter-level travel time spent in this place.
 D = Time resting spent in this place.
 E = Time spent auto-exploring this place.
 F = Levels seen in this place.
 G = Mean time per level.
                   A        B        C        D        E       F      G
               +--------+--------+--------+--------+--------+-----+--------+
         Total |  30280 |  28387 |   1893 |   3160 |  20268 |  30 | 1009.3 |
       Dungeon |  16801 |  15617 |   1184 |   2335 |  10977 |  15 | 1120.1 |
          Lair |   8576 |   8116 |    460 |    699 |   6466 |   6 | 1429.3 |
  Orcish Mines |   1466 |   1311 |    155 |     53 |    799 |   2 |  733.0 |
        Depths |   2576 |   2484 |     92 |     64 |   1613 |   3 |  858.7 |
         Abyss |     10 |     10 |      0 |      0 |      6 |   1 |   10.0 |
         Sewer |    254 |    254 |      0 |      0 |     62 |   1 |  254.0 |
       Ossuary |    246 |    246 |      0 |      0 |    171 |   1 |  246.0 |
      Gauntlet |    348 |    348 |      0 |      9 |    171 |   1 |  348.0 |
               +--------+--------+--------+--------+--------+-----+--------+

Top non-repeatable levels by time:
     D:8: 2568 daAuts
     D:4: 2202 daAuts
  Lair:5: 1969 daAuts
  Lair:2: 1731 daAuts
  Lair:4: 1457 daAuts
Depths:2: 1396 daAuts
  Lair:1: 1378 daAuts
     D:6: 1347 daAuts
     D:9: 1323 daAuts
     D:7: 1254 daAuts
    D:15: 1183 daAuts
  Lair:6: 1114 daAuts
Depths:1: 1070 daAuts
  Lair:3: 925 daAuts
     D:1: 912 daAuts
